 Dungeon Crawl Stone Soup version 0.30.0-20-g3615ddf2f0 (webtiles) character file.

Game seed: 1529918333564287757

4155 qw the Cleaver (level 10, -1/64 HPs)
             Began as a Gargoyle Fighter on May 27, 2023.
             Was an Initiate of Okawaru.
             Slain by Joseph
             ... wielding a +0 quarterstaff of distortion
              (18 damage)
             ... on level 9 of the Dungeon.
             The game lasted 00:03:59 (8069 turns).

qw the Cleaver (Gargoyle Fighter)                   Turns: 8069, Time: 00:03:59

Health: -1/64      AC: 25    Str: 23    XL:     10   Next: 28%
Magic:  10/10      EV:  7    Int: 10    God:    Okawaru [......]
Gold:   176        SH:  5    Dex: 11    Spells: 9/9 levels left

rFire   . . .        Y - +1 war axe (venom)
rCold   + . .        c - +0 buckler
rNeg    + . .        k - +0 plate armour
rPois   inf          u - +0 helmet
rElec   +            b - +0 cloak
rCorr   +            p - +0 pair of gloves
SInv    .            l - +0 pair of boots
Will    .....        (no amulet) Stlth
                     a - ring of Tender Moments {Wiz rC+ Dex+2}
HPRegen 0.30/turn    v - ring of resist corrosion
MPRegen 0.12/turn

%: wizardry (x1)
@: no status effects
A: sickness immunity, AC +7, negative energy resistance 1, electricity
resistance, torment resistance 1, petrification resistance
a: Renounce Religion


You were on level 9 of the Dungeon.
You worshipped Okawaru.
Okawaru was noncommittal.
You visited 2 branches of the dungeon, and saw 10 of its levels.

You collected 512 gold pieces.
You spent 336 gold pieces at shops.


Innate Abilities, Weirdness & Mutations

You are immune to sickness and miasma.
Your stone body is resilient. (AC +7)
You are immune to poison.
You resist negative energy. (rN+)
You are resistant to electric shocks. (rElec)
You are resistant to unholy torment.
You are immune to petrification.


   Skills:
 + Level 7.8 Fighting
 - Level 10.2 Axes
 - Level 2.0 Throwing
 - Level 7.3 Armour
 - Level 1.0 Dodging
 - Level 4.4 Shields


You had 9 spell levels left.
You didn't know any spells.
Your spell library was empty.

Inventory:

Hand Weapons
 m - a +2 flail of protection
 Y - a +1 war axe of venom (weapon)
Missiles
 h - a boomerang
 w - 2 javelins (quivered)
Armour
 b - a +0 cloak (worn)
 c - a +0 buckler (worn)
 k - a +0 plate armour (worn)
 l - a +0 pair of boots (worn)
 p - a +0 pair of gloves (worn)
 s - a +0 kite shield
 u - a +0 helmet (worn)
Jewellery
 a - the ring of Tender Moments (left hand) {Wiz rC+ Dex+2}
   (You found it on level 3 of the Dungeon)

   [ring of wizardry]

   It improves your spell success rate.
   Dex:       It affects your dexterity (+2).
   rC:        It protects you from cold.
 e - a +4 ring of slaying {mikee}
 v - a ring of resist corrosion (right hand)
Wands
 o - a wand of digging (6)
Scrolls
 f - 11 scrolls of identify
 i - 2 scrolls of teleportation
Potions
 d - 2 potions of might
 g - a potion of lignification
 j - 3 potions of heal wounds
 n - a potion of attraction
 q - 2 potions of curing
 r - a potion of haste

Dungeon Overview and Level Annotations

Branches:
Dungeon (9/15)             Temple (1/1) D:6
   Lair: D:8-11         Orc: D:9-12

Altars:
Ashenzari
Cheibriados
Dithmenos
Elyvilon
Fedhas
Gozag
Hepliaklqana
Kikubaaqudgha
Makhleb
Nemelex Xobeh
Okawaru
Qazlal
Ru
Sif Muna
Trog
Uskayaw
Vehumet
Wu Jian
Xom
Yredelemnul
Zin
The Shining One

Shops:
D:7 [

Annotations:
D:3 3 runed translucent doors, qw's ghost, amateur GrFi
D:9 Joseph


Message History

Enter note:
Enter note:
Enter note: Joseph, a Mercenary comes into view.
He is wielding a +0 quarterstaff of distortion.
Found 4 gold pieces.
Joseph shouts!
Joseph unwields a +0 quarterstaff of distortion.
Its appearance distorts for a moment.
Joseph wields a +0 sling.
Joseph shoots a sling bullet.
You block the sling bullet.
Enter note:
Enter note:
Enter note:
Enter note:
8062 ||| Stepping ~*~*~tactically~*~*~ (hiding).
You start waiting.
Joseph is nearby!
Joseph unwields a +0 sling.
Joseph wields a +0 quarterstaff of distortion.
Its appearance distorts for a moment.
Joseph barely misses you.
Enter note:
Enter note:
Enter note:
Enter note: You slash Joseph!
Joseph is poisoned.
Joseph is lightly wounded.
You slash Joseph!
Joseph looks as sick as possible!
Joseph is moderately wounded.
Joseph hits you with a +0 quarterstaff of distortion!
Space warps horribly around you!
You barely miss Joseph.
Joseph is heavily wounded.
Joseph hits you but does no damage. Space warps horribly around you!
You hit Joseph.
Joseph is heavily wounded.
You block Joseph's attack.
You hit Joseph.
Joseph looks as sick as possible!
Joseph is heavily wounded.
Joseph hits you with a +0 quarterstaff of distortion!
Space warps horribly around you!!
You die...

.... ...# ...# ..## ##.
...####...## #..
....#...... ####.#
.........# ....#
.........# ...#
.........# #..##
.##......# #.@.##
####.....## ##@..## #
##.....# ##.....#
#.....####...#......
#......#...######$...
##.........## #..#
##.........## ##..#
###..........# #..#
........###..### ##..#
...##...###....####...##


You could see Joseph (extremely poisoned).

Vanquished Creatures
  Maggie (D:9)
  Prince Ribbit (D:8)
  A hornet (D:9)
  Grum (D:8)
  A steam dragon (D:7)
  An ice beast (D:5)
  A black bear (D:8)
  3 orc warriors
  An ogre (D:5)
  2 wolves (D:8)
  4 phantoms
  2 bullfrogs
  3 scorpions
  A gnoll sergeant (D:8)
  3 wights (D:8)
  10 killer bees (D:8)
  3 howler monkeys
  2 electric eels (D:6)
  A bullfrog zombie (D:5)
  A centaur zombie (D:5)
  3 jellies
  3 orc priests
  3 gnoll boudas
  3 hounds
  3 bullfrog skeletons (D:5)
  A sleepcap (D:6)
  An iguana (D:5)
  3 orc wizards
  A hound zombie (D:5)
  15 gnolls
  17 adders
  2 white imps
  2 ufetubi (D:5)
  An adder zombie (D:5)
  A dart slug (D:2)
  22 orcs
  5 ball pythons
  5 bats
  5 endoplasms
  4 giant cockroaches
  6 hobgoblins
  8 jackals (D:4)
  3 quokkas (D:1)
  3 frilled lizards
  6 goblins
  8 kobolds
  7 rats
184 creatures vanquished.

Vanquished Creatures (others)
  An orc (D:6)
1 creature vanquished.

Grand Total: 185 creatures vanquished

Notes
Turn   | Place    | Note
-------+----------+-------------------------------------------
     0 | D:1      | qw the Gargoyle Fighter began the quest for the Orb.
     0 | D:1      | Reached XP level 1. HP: 14/14 MP: 1/1
     0 | D:1      | 0 ||| qw: Version: 0.2-a-99-gce666ed
     0 | D:1      | 0 ||| qw: Game counter: 121
     0 | D:1      | 0 ||| qw: Always use a shield: true
     0 | D:1      | 0 ||| qw: God list: Okawaru
     0 | D:1      | 0 ||| qw: Allow faded altars: false
     0 | D:1      | 0 ||| qw: Do Orc after D:15 true
     0 | D:1      | 0 ||| qw: Do second Lair branch before Depths: true
     0 | D:1      | 0 ||| qw: Lair rune preference: random
     0 | D:1      | 0 ||| qw: Plans: Normal, Zot:1-4, God:TSO, Crypt, Tomb,
                  | Pan, Slime:5, Hells, Abyss, Win
     0 | D:1      | 0 ||| PLANNING D:1-11
    27 | D:1      | Reached skill level 2 in Axes
   101 | D:1      | Reached XP level 2. HP: 19/19 MP: 2/2
   177 | D:1      | 177 ||| DROPPING +0 club.
   363 | D:1      | Reached skill level 3 in Axes
   494 | D:1      | Reached XP level 3. HP: 23/23 MP: 3/3
   678 | D:1      | 678 ||| DROPPING scarf of invisibility.
   679 | D:1      | 679 ||| DROPPING scarf of harm.
   680 | D:1      | 680 ||| DROPPING ring of wizardry.
   681 | D:1      | 681 ||| READING scroll labelled UPTAS SEDWUIR.
   682 | D:1      | 682 ||| READING scroll labelled CAECSE XUZY.
   940 | D:2      | 940 ||| Stepping ~*~*~tactically~*~*~ (stealth).
  1002 | D:2      | Reached XP level 4. HP: 28/28 MP: 4/4
  1356 | D:2      | Reached skill level 4 in Axes
  1494 | D:2      | 1494 ||| Stepping ~*~*~tactically~*~*~ (hiding).
  1495 | D:2      | 1495 ||| Stepping ~*~*~tactically~*~*~ (hiding).
  1663 | D:2      | 1663 ||| UPGRADING to +0 chain mail.
  1673 | D:2      | 1673 ||| DROPPING +0 scale mail.
  1674 | D:2      | 1674 ||| UPGRADING to +0 plate armour.
  1684 | D:2      | 1684 ||| DROPPING +0 chain mail.
  1685 | D:2      | 1685 ||| UPGRADING to +0 pair of boots.
  1690 | D:2      | 1690 ||| UPGRADING to +0 pair of gloves.
  1695 | D:2      | 1695 ||| READING scroll labelled XOIFFU NAUMIGH.
  1699 | D:2      | 1699 ||| READING 2 scrolls labelled HEL YBAUGG.
  1700 | D:2      | 1700 ||| READING 2 scrolls labelled MIENIA MUEROR.
  1701 | D:2      | 1701 ||| READING scroll labelled HOCWEU SEARA.
  1702 | D:2      | 1702 ||| DRINKING 3 fizzy emerald potions.
  1703 | D:2      | 1703 ||| DROPPING scroll of immolation.
  1843 | D:3      | 1843 ||| Stepping ~*~*~tactically~*~*~ (stealth).
  1902 | D:3      | Identified the ring of Tender Moments {Wiz rC+ Dex+2}
  1905 | D:3      | Found a broken altar of Ashenzari.
  1927 | D:3      | Reached XP level 5. HP: 31/32 MP: 5/5
  2066 | D:3      | Found a runed translucent gate.
  2066 | D:3      | Found a runed translucent gate.
  2067 | D:3      | Found a runed translucent gate.
  2069 | D:3      | Noticed qw's ghost (amateur GrFi)
  2585 | D:3      | 2585 ||| UPGRADING to ring of Tender Moments {Wiz rC+
                  | Dex+2}.
  2586 | D:3      | 2586 ||| READING scroll labelled VAKHLI NOMIXT.
  2587 | D:3      | 2587 ||| READING scroll labelled BEIGRI OSHRINIC.
  2588 | D:3      | 2588 ||| READING scroll labelled UBLINN IMO FOL.
  2589 | D:3      | 2589 ||| DRINKING 2 fizzy silvery potions.
  2590 | D:3      | 2590 ||| READING 4 scrolls of identify.
  2590 | D:3      | 2590 ||| IDENTIFYING metallic emerald potion
  2591 | D:3      | 2591 ||| READING 3 scrolls of identify.
  2591 | D:3      | 2591 ||| IDENTIFYING purple potion
  2592 | D:3      | 2592 ||| READING 2 scrolls of identify.
  2592 | D:3      | 2592 ||| IDENTIFYING fuming ruby potion
  2593 | D:3      | 2593 ||| DROPPING potion of berserk rage.
  2594 | D:3      | 2594 ||| DROPPING potion of flight.
  2595 | D:3      | 2595 ||| DROPPING potion of ambrosia.
  2643 | D:4      | 2643 ||| Stepping ~*~*~tactically~*~*~ (hiding).
  2644 | D:4      | 2644 ||| Stepping ~*~*~tactically~*~*~ (hiding).
  2653 | D:4      | HP: 5/32 [orc priest/divine providence (11)]
  2654 | D:4      | 2654 ||| DRINKING 3 potions of heal wounds.
  2657 | D:4      | Reached skill level 5 in Axes
  2674 | D:4      | 2674 ||| DROPPING +0 whip.
  2677 | D:4      | 2677 ||| DROPPING +0 flail.
  2971 | D:4      | Reached XP level 6. HP: 38/38 MP: 6/6
  3293 | D:4      | 3293 ||| Stepping ~*~*~tactically~*~*~ (stealth).
  3320 | D:4      | Found a sacrificial altar of Ru.
  3357 | D:4      | 3357 ||| Stepping ~*~*~tactically~*~*~ (hiding).
  3362 | D:4      | 3362 ||| Stepping ~*~*~tactically~*~*~ (hiding).
  3364 | D:4      | 3364 ||| Stepping ~*~*~tactically~*~*~ (hiding).
  3900 | D:4      | 3900 ||| UPGRADING to +0 cloak.
  3905 | D:4      | 3905 ||| READING scroll labelled KUFOSEM ZIBRARGH.
  4006 | D:4      | 4006 ||| DRINKING 2 fuming green potions.
  4089 | D:5      | Entered Level 5 of the Dungeon
  4098 | D:5      | 4098 ||| FLEEEEING.
  4099 | D:5      | 4099 ||| FLEEEEING.
  4114 | D:5      | 4114 ||| Stepping ~*~*~tactically~*~*~ (stealth).
  4131 | D:5      | Reached skill level 6 in Axes
  4164 | D:5      | 4164 ||| Stepping ~*~*~tactically~*~*~ (stealth).
  4187 | D:5      | Noticed an ice beast
  4195 | D:5      | Killed an ice beast
  4196 | D:5      | Reached XP level 7. HP: 43/43 MP: 7/7
  4249 | D:5      | 4249 ||| READING scroll of brand weapon.
  4249 | D:5      | 4249 ||| BRANDING +0 war axe of protection.
  4280 | D:5      | 4280 ||| Stepping ~*~*~tactically~*~*~ (stealth).
  4289 | D:5      | Reached skill level 1 in Dodging
  4299 | D:5      | 4299 ||| Stepping ~*~*~tactically~*~*~ (stealth).
  4300 | D:5      | 4300 ||| Stepping ~*~*~tactically~*~*~ (stealth).
  4301 | D:5      | 4301 ||| Stepping ~*~*~tactically~*~*~ (stealth).
  4362 | D:5      | Reached skill level 7 in Axes
  4380 | D:5      | Reached XP level 8. HP: 41/48 MP: 8/8
  4438 | D:5      | 4438 ||| Stepping ~*~*~tactically~*~*~ (stealth).
  4758 | D:5      | 4758 ||| READING scroll labelled EQIABBYREA.
  4759 | D:5      | 4759 ||| READING 2 scrolls of identify.
  4759 | D:5      | 4759 ||| IDENTIFYING sapphire potion
  4760 | D:5      | 4760 ||| DROPPING potion of magic.
  4954 | D:6      | 4954 ||| Stepping ~*~*~tactically~*~*~ (stealth).
  5080 | D:6      | 5080 ||| Stepping ~*~*~tactically~*~*~ (stealth).
  5083 | D:6      | Found a burning altar of Makhleb.
  5231 | D:6      | Reached skill level 8 in Axes
  5255 | D:6      | 5255 ||| Stepping ~*~*~tactically~*~*~ (hiding).
  5329 | D:6      | 5329 ||| Stepping ~*~*~tactically~*~*~ (stealth).
  5333 | D:6      | 5333 ||| Stepping ~*~*~tactically~*~*~ (stealth).
  5334 | D:6      | 5334 ||| Stepping ~*~*~tactically~*~*~ (stealth).
  5349 | D:6      | Reached skill level 6 in Fighting
  5466 | D:6      | 5466 ||| Stepping ~*~*~tactically~*~*~ (stealth).
  5523 | D:6      | Found a staircase to the Ecumenical Temple.
  5524 | D:6      | 5524 ||| PLANNING TEMPLE
  5524 | D:6      | 5524 ||| DROPPING amulet of magic regeneration.
  5525 | D:6      | 5525 ||| READING 9 scrolls of identify.
  5525 | D:6      | 5525 ||| IDENTIFYING ruby potion
  5551 | Temple   | Entered the Ecumenical Temple
  5565 | Temple   | 5565 ||| PLANNING D:1-11
  5626 | D:7      | 5626 ||| Stepping ~*~*~tactically~*~*~ (stealth).
  5641 | D:7      | Reached skill level 6 in Armour
  5733 | D:7      | Reached XP level 9. HP: 50/55 MP: 9/9
  5826 | D:7      | Found a radiant altar of Vehumet.
  5890 | D:7      | 5890 ||| Stepping ~*~*~tactically~*~*~ (cloud).
  5892 | D:7      | 5892 ||| Stepping ~*~*~tactically~*~*~ (hiding).
  6019 | D:7      | Found Qagoast's Antique Armour Emporium.
  6030 | D:7      | 6030 ||| BUYING glowing chain mail (210 gold).
  6030 | D:7      | Bought a glowing chain mail for 210 gold pieces
  6030 | D:7      | 6030 ||| BUYING helmet (126 gold).
  6030 | D:7      | Bought a helmet for 126 gold pieces
  6030 | D:7      | 6030 ||| SHOPLISTING pair of faintly glowing gloves (266
                  | gold, have 58).
  6030 | D:7      | 6030 ||| SHOPLISTING runed helmet (210 gold, have 58).
  6030 | D:7      | 6030 ||| SHOPLISTING runed scarf (224 gold, have 58).
  6124 | D:7      | 6124 ||| Stepping ~*~*~tactically~*~*~ (stealth).
  6272 | D:7      | 6272 ||| Stepping ~*~*~tactically~*~*~ (hiding).
  6274 | D:7      | 6274 ||| Stepping ~*~*~tactically~*~*~ (hiding).
  6275 | D:7      | 6275 ||| Stepping ~*~*~tactically~*~*~ (hiding).
  6286 | D:7      | 6286 ||| Stepping ~*~*~tactically~*~*~ (stealth).
  6310 | D:7      | Reached skill level 9 in Axes
  6524 | D:7      | 6524 ||| DROPPING orb of light.
  6525 | D:7      | 6525 ||| DROPPING +0 chain mail of willpower.
  6526 | D:7      | 6526 ||| UPGRADING to +0 helmet.
  6531 | D:7      | 6531 ||| UPGRADING to ring of resist corrosion.
  6532 | D:7      | 6532 ||| READING scroll labelled LAPPILE TOEBB.
  6533 | D:7      | 6533 ||| READING 9 scrolls of identify.
  6533 | D:7      | 6533 ||| IDENTIFYING dark potion
  6553 | D:8      | Noticed Prince Ribbit
  6565 | D:8      | 6565 ||| STAIRDANCE
  6565 | D:8      | Killed Prince Ribbit
  6615 | D:8      | Noticed Grum
  6626 | D:8      | HP: 10/57 [Grum/-2 spear (10)]
  6627 | D:8      | 6627 ||| READING 3 scrolls of teleportation.
  6628 | D:8      | 6628 ||| DRINKING 4 potions of heal wounds.
  6631 | D:8      | 6631 ||| FLEEEEING.
  6632 | D:8      | 6632 ||| FLEEEEING.
  6633 | D:8      | 6633 ||| FLEEEEING.
  6634 | D:8      | 6634 ||| STAIRDANCE
  6739 | D:8      | Found an ornate altar of the Wu Jian Council.
  6743 | D:8      | Found a bloodstained altar of Trog.
  6746 | D:8      | Found a basalt altar of Yredelemnul.
  6746 | D:8      | Found a snail-covered altar of Cheibriados.
  6753 | D:8      | Found a shimmering blue altar of Sif Muna.
  6755 | D:8      | 6755 ||| Stepping ~*~*~tactically~*~*~ (stealth).
  6757 | D:8      | 6757 ||| Stepping ~*~*~tactically~*~*~ (stealth).
  6830 | D:8      | 6830 ||| Stepping ~*~*~tactically~*~*~ (stealth).
  6834 | D:8      | 6834 ||| Stepping ~*~*~tactically~*~*~ (stealth).
  6841 | D:8      | Killed Grum
  7071 | D:8      | Reached XP level 10. HP: 57/63 MP: 10/10
  7151 | D:8      | Found a white marble altar of Elyvilon.
  7151 | D:8      | Found a glowing silver altar of Zin.
  7151 | D:8      | Found a glowing golden altar of the Shining One.
  7252 | D:8      | 7252 ||| Stepping ~*~*~tactically~*~*~ (hiding).
  7253 | D:8      | 7253 ||| Stepping ~*~*~tactically~*~*~ (hiding).
  7254 | D:8      | 7254 ||| Stepping ~*~*~tactically~*~*~ (hiding).
  7400 | D:8      | 7400 ||| DROPPING +2 heavy flail.
  7407 | D:8      | Found an iron altar of Okawaru.
  7408 | D:8      | 7408 ||| PLANNING OKAWARU WORSHIP
  7411 | D:8      | Became a worshipper of Warmaster Okawaru
  7411 | D:8      | 7411 ||| PLANNING D:1-11
  7479 | D:9      | Noticed Maggie
  7490 | D:9      | Killed Maggie
  7491 | D:9      | Reached skill level 10 in Axes
  7491 | D:9      | 7491 ||| FLEEEEING.
  7492 | D:9      | 7492 ||| FLEEEEING.
  7493 | D:9      | 7493 ||| FLEEEEING.
  7494 | D:9      | 7494 ||| FLEEEEING.
  7495 | D:9      | 7495 ||| STAIRDANCE
  7555 | D:9      | 7555 ||| STAIRDANCE
  7597 | D:9      | 7597 ||| STAIRDANCE
  7647 | D:9      | 7647 ||| STAIRDANCE
  7840 | D:9      | 7840 ||| Stepping ~*~*~tactically~*~*~ (hiding).
  8061 | D:9      | Noticed Joseph
  8062 | D:9      | 8062 ||| Stepping ~*~*~tactically~*~*~ (hiding).
  8069 | D:9      | Slain by Joseph

Levels and vault maps discovered:
D:1:      spicycebolla_green_bress_n_ham, layout_basic
D:2:      layout_basic, minmay_misc_feat_rows
D:3:      layout_basic, mainiacjoe_overflow_paths, gammafunk_ghost_necromancy,
          chequers_big_river
D:4:      layout_layer_cave, overflow_temple_1_default
D:5:      layout_basic, serial_undead, serial_undead_e, serial_undead_b,
          serial_undead_e, serial_undead_a
D:6:      layout_loops_cross, lightli_temple_of_fire, temple_doors_ab,
          amcnicky_mini_pool_small, minmay_crystal_water,
          chequers_hall_statues_corner_a
D:7:      layout_basic, vehumet_crystals, serial_shops, nicolae_shop_dealshenge
D:8:      layout_cave_pools, good_gods_mini_temple,
          nicolae_overflow_hallway_of_the_gods, mainiacjoe_overflow_alcove_4,
          kennysheep_generic_room_7, uniq_prince_ribbit1, uniq_grum
D:9:      layout_layer_cave, uniq_joseph, uniq_maggie
Temple:   hellmonk_temple_rainy

Skill      XL: |  1  2  3  4  5  6  7  8  9 10 |
---------------+-------------------------------+-----
Axes           | 2 3 4 5 6 7 8 9 10 | 10.2
Fighting       | 4 6 7 |  7.8
Armour         | 4 6 7 |  7.3
Dodging        | 1 |  1.0
Throwing       | 2 |  2.0
Shields        | 4 |  4.4

Action                     |  1- 3 |  4- 6 |  7- 9 | 10-12 || total
---------------------------+-------+-------+-------+-------++-------
  Melee: War axe           |    90 |   196 |   254 |    56 ||   596
  Throw: Boomerang         |       |       |    21 |     3 ||    24
         Javelin           |       |       |     8 |     7 ||    15
    Use: Scroll            |     2 |    11 |     7 |       ||    20
         Potion            |       |     4 |     1 |       ||     5
 Armour: Scale mail        |    30 |    15 |       |       ||    45
         Plate armour      |       |   151 |   219 |    27 ||   397
  Dodge: Dodged            |    37 |    46 |    93 |    13 ||   189
  Block: Buckler           |    19 |    59 |    55 |    16 ||   149

Table legend:
 A = Non-vault XP
 B = Vault XP
 C = Vault XP percentage of total XP
 D = Non-vault monster count
 E = Vault monster count
 F = Vault count percentage of total count
                 A         B        C        D         E       F
            +---------+---------+-------+---------+---------+-------
      Total |    4522 |    1414 |  23.8 |     171 |      13 |   7.1
            +---------+---------+-------+---------+---------+-------
        D:1 |      42 |       0 |   0.0 |      26 |       0 |   0.0
        D:2 |      61 |       0 |   0.0 |      17 |       0 |   0.0
        D:3 |     116 |       0 |   0.0 |      14 |       0 |   0.0
        D:4 |     223 |       0 |   0.0 |      25 |       0 |   0.0
        D:5 |     743 |     247 |  24.9 |      20 |       7 |  25.9
        D:6 |     690 |       0 |   0.0 |      15 |       0 |   0.0
        D:7 |     940 |       0 |   0.0 |      23 |       0 |   0.0
        D:8 |    1358 |     763 |  36.0 |      24 |       5 |  17.2
        D:9 |     349 |     404 |  53.7 |       7 |       1 |  12.5
            +---------+---------+-------+---------+---------+-------
